 Dungeon Crawl Stone Soup version 0.26-a0-651-gb41185065b (webtiles) character file.

Game seed: 10859063837054185371

23 dracos369 the Changer (level 2, 0/19 HPs)
             Began as a Demonspawn Wanderer on Oct 26, 2020.
             Slain by a worm (5 damage)
             ... on level 2 of the Dungeon.
             The game lasted 00:04:55 (1476 turns).

dracos369 the Changer (Demonspawn Wanderer)         Turns: 1476, Time: 00:04:55

Health: 0/19       AC:  4    Str: 13    XL:     2   Next: 72%
Magic:  1/5        EV: 12    Int: 12    God:
Gold:   86         SH:  0    Dex: 12    Spells: 3/5 levels left

rFire    . . .     SeeInvis .   f - +0 dagger
rCold    . . .     Faith    .   (no shield)
rNeg     . . .     Spirit   .   d - +0 robe
rPois    .         Reflect  .   (no helmet)
rElec    .         Harm     .   l - +0 cloak
rCorr    .         Rampage  .   (no gloves)
MR       .....                  (no boots)
Stlth    ++........             (no amulet)
HPRegen  0.06/turn              (no ring)
MPRegen  0.09/turn              (no ring)

@: no status effects
A: rugged brown scales 1
a: no special abilities


You were on level 2 of the Dungeon.
You visited 1 branch of the dungeon, and saw 2 of its levels.

You collected 86 gold pieces.

Inventory:

Hand Weapons
 f - a +0 dagger (weapon)
Missiles
 c - 7 silver javelins (quivered)
Armour
 d - a +0 robe (worn)
 l - a +0 cloak (worn)
Jewellery
 g - an uncursed amulet of faith
Wands
 e - a wand of enslavement (15)
Scrolls
 b - a scroll of enchant weapon {unknown}
 h - 2 scrolls of fear {unknown}
Potions
 a - a potion of cancellation {unknown}
 i - a potion of might {unknown}
 j - a potion of stabbing {unknown}
 k - a potion of berserk rage {unknown}


   Skills:
   Level 1.0 Long Blades
 + Level 1.1 Dodging
 - Level 1.7 Stealth
 - Level 2.0 Spellcasting
 + Level 2.6 Necromancy
 - Level 2.6 Transmutations
 - Level 1.0 Evocations


You had 3 spell levels left.
You knew the following spells:

 Your Spells              Type           Power        Failure   Level
a - Sting                 Tmut/Pois      #...         16%         1
b - Pain                  Necr           #...         10%         1

Your spell library contained the following spells:

 Spells                   Type           Power        Failure   Level
 Vampiric Draining        Necr           #.........   28%         3
 Spider Form              Tmut/Pois      #.........   43%         3


Dungeon Overview and Level Annotations

Branches:
Dungeon (2/15)

Altars:


Innate Abilities, Weirdness & Mutations

You are partially covered in rugged brown scales. (AC +1, +3% HP)


Message History

The worm is severely wounded.
The worm bites you.
* * * LOW HITPOINT WARNING * * *
You hit the worm but do no damage.
The worm is severely wounded.
Casting: Pain (safe; 10% risk of failure)
Confirm with . or Enter, or press ? or * to list all spells.
Aiming: Pain (safe; 10% risk of failure)
Press: ? - help, Shift-Dir - straight line, f/p - worm
Aim: a worm (severely wounded, chance to defeat MR: 62%)
The worm writhes in agony.
The worm barely misses you.
You hit the worm.
The worm is almost dead.
The worm closely misses you.
You hit the worm but do no damage.
The worm is severely wounded.
You hit the worm.
The worm is almost dead.
The worm bites you.
You die...

.......................'
#.......)######...####
#..##.##.# ##.## #
#.##.# #.# ##.##.# #.#
#..##.# ... #.###.# <.#
#.##.###.# ## #....@wg.#
+.##.##l.[..# # #.#
#...#.# ##.# ..# l.##
.... #### ..# .#.# .#.#
##.# #.


You could see a worm, a hobgoblin and a frilled lizard.

Vanquished Creatures
  A leopard gecko (D:1)
  A bat (D:1)
  3 giant cockroaches
  2 goblins (D:1)
  A hobgoblin (D:2)
  3 jackals (D:1)
  4 kobolds
  4 rats
19 creatures vanquished.

Notes
Turn   | Place    | Note
-------+----------+-------------------------------------------
     0 | D:1      | dracos369 the Demonspawn Wanderer began the quest for the
                  | Orb.
     0 | D:1      | dracos369 set off with the following items: a +0 club, a +0
                  | robe, a wand of enslavement (15), a +0 dagger; and the
                  | following spells available to memorise: Sting, Pain, Spider
                  | Form, Vampiric Draining
     0 | D:1      | Reached XP level 1. HP: 13/13 MP: 3/3
     2 | D:1      | Learned a level 1 spell: Sting
     4 | D:1      | Learned a level 1 spell: Pain
    85 | D:1      | Reached skill level 1 in Necromancy
   525 | D:1      | Gained mutation: You are partially covered in rugged brown
                  | scales. (AC +1, +3% HP) [demonic ancestry]
   525 | D:1      | Reached XP level 2. HP: 12/19 MP: 5/5
  1476 | D:2      | Slain by a worm

Illustrated notes

Levels and vault maps discovered:
D:1:      heliophobic_arrival_ceremonial_halls, layout_rooms,
          minmay_misc_feat_doors, st_stairs_14
D:2:      layout_loops_corners, lemuel_round_altar, minivault_24,
          kennysheep_nondescript, minmay_tripent

Skill      XL: |  1  2 |
---------------+-------+-----
Necromancy     | 1 2 |  2.6
Long Blades    | |  1.0
Dodging        | |  1.1
Stealth        | |  1.7
Spellcasting   | |  2.0
Transmutations | |  2.6
Evocations     | |  1.0

Action                   || total
-------------------------++-------
Melee: Dagger            ||    89
 Cast: Sting             ||    10
       Pain              ||     9
 Stab: Sleeping          ||     1
Armor: Robe              ||    36
Dodge: Dodged            ||    71

Table legend: (Time is in decaauts)
 A = Elapsed time spent in this place.
 B = Non-inter-level travel time spent in this place.
 C = Inter-level travel time spent in this place.
 D = Time resting spent in this place.
 E = Time spent auto-exploring this place.
 F = Levels seen in this place.
 G = Mean time per level.
                   A        B        C        D        E       F      G
               +--------+--------+--------+--------+--------+-----+--------+
         Total |   1473 |   1454 |     19 |    370 |    852 |   2 |  736.5 |
       Dungeon |   1473 |   1454 |     19 |    370 |    852 |   2 |  736.5 |
               +--------+--------+--------+--------+--------+-----+--------+

Top non-repeatable levels by time:
     D:1: 1047 daAuts
     D:2: 426 daAuts
